 Dungeon Crawl Stone Soup version 0.29.0-4-gdea44cf6ec (webtiles) character file.

Game seed: 18139641548164081205

443 qw the Ruffian (level 7, -5/57 HPs)
             Began as a Ghoul Enchanter on Sept 4, 2022.
             Slain by a wyvern zombie (12 damage)
             ... in an ossuary.
             The game lasted 00:01:55 (3985 turns).

qw the Ruffian (Ghoul Enchanter)                    Turns: 3985, Time: 00:01:56

Health: -5/57      AC: 12    Str: 20    XL:     7   Next: 2%
Magic:  8/8        EV:  7    Int: 10    God:
Gold:   234        SH:  0    Dex:  9    Spells: 9/9 levels left

rFire   . . .      SeeInvis .     - Unarmed
rCold   + . .      Faith    .   (no shield)
rNeg    + + +      Spirit   .   b - +0 chain mail
rPois   inf        Reflect  .   (no helmet)
rElec   .          Harm     .   f - scarf {repulsion}
rCorr   .          Rampage  .   (no gloves)
Will    .....                   (no boots)
Stlth   ..........              a - amulet of regeneration
HPRegen 0.00/turn               g - +6 ring of strength
MPRegen 0.11/turn               c - +4 ring of protection

@: inhibited regen, repel missiles
A: claws 1, cold resistance 1, negative energy resistance 3, inhibited
regeneration, torment resistance 2, devour on kill
a: no special abilities


You were in an ossuary.
You visited 1 branch of the dungeon, and saw 4 of its levels.
You also visited: Ossuary.

You collected 234 gold pieces.


Innate Abilities, Weirdness & Mutations

You are immune to poison.
You have sharp fingernails.
Your flesh is cold resistant. (rC+)
You are immune to negative energy. (rN+++)
You do not regenerate when monsters are visible.
You are immune to unholy pain and torment.
You thrive by killing the living.


   Skills:
 - Level 3.0 Fighting
 - Level 0.8 Short Blades
 - Level 1.0 Armour
 - Level 1.7 Dodging
 - Level 3.2 Stealth
 + Level 6.6 Unarmed Combat
 - Level 1.7 Spellcasting
 - Level 2.4 Hexes


You had 9 spell levels left.
You didn't know any spells.
Your spell library contained the following spells:

 Spells                   Type           Power      Damage    Failure   Level
 Ensorcelled Hibernation  Hex/Ice        6%         N/A       98%         2
 Confusing Touch          Hex            5%         N/A       99%         3
 Tukima's Dance           Hex            5%         N/A       99%         3
 Dazzling Flash           Conj/Hex       6%         N/A       100%        3

Inventory:

Armour
 b - a +0 chain mail (worn)
 f - a scarf of repulsion (worn)
Jewellery
 a - an amulet of regeneration (around neck)
 c - a +4 ring of protection (right claw)
 g - a +6 ring of strength (left claw)
Scrolls
 e - a scroll of identify
 h - a scroll of teleportation
 n - a scroll of enchant weapon
Potions
 i - a potion of haste {unknown}
 l - a potion of degeneration {unknown}
 m - a potion of cancellation {unknown}
 o - a potion of lignification {unknown}

Dungeon Overview and Level Annotations

Branches:
Dungeon (4/15)            Ossuary (1/1)
 Temple: D:4-7

Altars:

Shops:
D:3 :   D:4 (


Message History

The killer bee zombie is almost destroyed.
The killer bee zombie hits you but does no damage. x2
You scratch the killer bee zombie.
You destroy the killer bee zombie!
You barely miss the mummy. You scratch the mummy.
The mummy is moderately damaged.
You claw the mummy!
You destroy the mummy!
You scratch the wyvern zombie but do no damage.
You claw the wyvern zombie.
The wyvern zombie is lightly damaged.
The wyvern zombie bites you but does no damage.
You claw the wyvern zombie!
The wyvern zombie is moderately damaged.
The wyvern zombie barely misses you.
You claw the wyvern zombie!
The wyvern zombie is heavily damaged.
The wyvern zombie barely misses you. The wyvern zombie bites you.
You scratch the wyvern zombie.
The wyvern zombie is heavily damaged.
You barely miss the mummy. You scratch the mummy.
The mummy is moderately damaged.
You claw the mummy!
The mummy is almost destroyed.
The mummy closely misses you.
You barely miss the mummy.
The mummy is almost destroyed.
You claw the mummy!
You destroy the mummy!
You have reached level 7!
You barely miss the wyvern zombie.
You claw the wyvern zombie, but do no damage.
The wyvern zombie is heavily damaged.
The wyvern zombie closely misses you.
You claw the wyvern zombie!
The wyvern zombie is severely damaged.
The wyvern zombie bites you! x2
You die...

.+ '.#
#.+ #M#
+.+
#####Z#
#\..#.Z
#.\.ZM###
#...#MZ@#
#####.###
...'
#'#+## #.
#


You could see 2 mummies, a bullfrog zombie and a wyvern zombie.

Vanquished Creatures
  A necrophage (D:3)
  A scorpion (D:4)
  An orc priest (D:3)
  An iguana (D:4)
  2 orc wizards (D:3)
  3 killer bee zombies (Ossuary)
  3 mummies (Ossuary)
  5 adders
  A dart slug (D:1)
  10 orcs
  6 ball pythons
  4 bats
  5 endoplasms
  2 giant cockroaches
  6 goblins
  3 hobgoblins
  4 jackals
  3 kobolds (D:1)
  2 quokkas
  A frilled lizard (D:3)
  8 rats
72 creatures vanquished.

Vanquished Creatures (others)
  5 fungi (D:1)
  2 plants (D:1)
  5 withered plants (Ossuary)
12 creatures vanquished.

Grand Total: 84 creatures vanquished

Notes
Turn   | Place    | Note
-------+----------+-------------------------------------------
     0 | D:1      | qw the Ghoul Enchanter began the quest for the Orb.
     0 | D:1      | Reached XP level 1. HP: 14/14 MP: 2/2
     0 | D:1      | 0 ||| qw: Version: 0.1-a-103-gd6f5d3a
     0 | D:1      | 0 ||| qw: Game counter: 5704
     0 | D:1      | 0 ||| qw: Always use a shield: true
     0 | D:1      | 0 ||| qw: God list: Okawaru
     0 | D:1      | 0 ||| qw: Allow faded altars: false
     0 | D:1      | 0 ||| qw: Do Orc after D:15 true
     0 | D:1      | 0 ||| qw: Do second Lair branch before Depths: true
     0 | D:1      | 0 ||| qw: Lair rune preference: random
     0 | D:1      | 0 ||| qw: Plans: Normal
     0 | D:1      | 0 ||| PLANNING D:1-11
     1 | D:1      | 1 ||| DROPPING +1 dagger.
    18 | D:1      | 18 ||| Stepping ~*~*~tactically~*~*~ (hiding).
   120 | D:1      | 120 ||| Stepping ~*~*~tactically~*~*~ (hiding).
   222 | D:1      | 222 ||| Stepping ~*~*~tactically~*~*~ (hiding).
   324 | D:1      | 324 ||| Stepping ~*~*~tactically~*~*~ (hiding).
   426 | D:1      | 426 ||| Stepping ~*~*~tactically~*~*~ (hiding).
   528 | D:1      | 528 ||| Stepping ~*~*~tactically~*~*~ (hiding).
   630 | D:1      | 630 ||| Stepping ~*~*~tactically~*~*~ (hiding).
   732 | D:1      | 732 ||| Stepping ~*~*~tactically~*~*~ (hiding).
   834 | D:1      | 834 ||| Stepping ~*~*~tactically~*~*~ (hiding).
   936 | D:1      | 936 ||| Stepping ~*~*~tactically~*~*~ (hiding).
  1038 | D:1      | 1038 ||| Stepping ~*~*~tactically~*~*~ (hiding).
  1140 | D:1      | 1140 ||| Stepping ~*~*~tactically~*~*~ (hiding).
  1268 | D:1      | 1268 ||| Stepping ~*~*~tactically~*~*~ (stealth).
  1273 | D:1      | Reached skill level 1 in Unarmed Combat
  1352 | D:1      | 1352 ||| Stepping ~*~*~tactically~*~*~ (stealth).
  1355 | D:1      | Reached skill level 1 in Fighting
  1355 | D:1      | Reached XP level 2. HP: 23/23 MP: 3/3
  1359 | D:1      | 1359 ||| Stepping ~*~*~tactically~*~*~ (stealth).
  1410 | D:1      | Found a faded altar of an unknown god.
  1554 | D:1      | 1554 ||| Stepping ~*~*~tactically~*~*~ (stealth).
  1564 | D:1      | 1564 ||| Stepping ~*~*~tactically~*~*~ (stealth).
  1587 | D:1      | Reached skill level 2 in Unarmed Combat
  1708 | D:1      | 1708 ||| Stepping ~*~*~tactically~*~*~ (stealth).
  2047 | D:1      | 2047 ||| Stepping ~*~*~tactically~*~*~ (stealth).
  2049 | D:1      | 2049 ||| Stepping ~*~*~tactically~*~*~ (stealth).
  2189 | D:1      | Reached XP level 3. HP: 28/28 MP: 4/4
  2230 | D:1      | 2230 ||| UPGRADING to amulet of regeneration.
  2235 | D:1      | 2235 ||| UPGRADING to +6 ring of strength.
  2236 | D:1      | 2236 ||| READING 2 scrolls labelled KENECEANYS.
  2237 | D:1      | 2237 ||| READING scroll labelled NANIUSHR ELLOESK.
  2238 | D:1      | 2238 ||| READING scroll labelled MYAGED XEGYWU.
  2243 | D:1      | 2243 ||| DROPPING 2 potions of invisibility.
  2274 | D:2      | 2274 ||| Stepping ~*~*~tactically~*~*~ (outnumbered).
  2330 | D:2      | Reached skill level 3 in Unarmed Combat
  2641 | D:2      | 2641 ||| READING scroll labelled TAUQAXTARUA.
  2642 | D:2      | 2642 ||| READING scroll labelled UNAFET YLEIL.
  2660 | D:3      | 2660 ||| STAIRDANCE
  2722 | D:3      | 2722 ||| FLEEEEING.
  2723 | D:3      | 2723 ||| FLEEEEING.
  2724 | D:3      | 2724 ||| FLEEEEING.
  2725 | D:3      | 2725 ||| FLEEEEING.
  2726 | D:3      | 2726 ||| FLEEEEING.
  2727 | D:3      | 2727 ||| FLEEEEING.
  2735 | D:3      | Reached skill level 4 in Unarmed Combat
  2735 | D:3      | Reached XP level 4. HP: 28/35 MP: 5/5
  2764 | D:3      | 2764 ||| Stepping ~*~*~tactically~*~*~ (stealth).
  2765 | D:3      | 2765 ||| Stepping ~*~*~tactically~*~*~ (stealth).
  2769 | D:3      | 2769 ||| Stepping ~*~*~tactically~*~*~ (stealth).
  2772 | D:3      | Found Depneuce's Book Emporium.
  2776 | D:3      | Reached XP level 5. HP: 31/42 MP: 6/6
  2790 | D:3      | HP: 10/42 [something (2)]
  2800 | D:3      | HP: 3/42 [something (2)]
  3011 | D:3      | 3011 ||| Stepping ~*~*~tactically~*~*~ (stealth).
  3013 | D:3      | 3013 ||| Stepping ~*~*~tactically~*~*~ (stealth).
  3014 | D:3      | 3014 ||| Stepping ~*~*~tactically~*~*~ (stealth).
  3016 | D:3      | 3016 ||| Stepping ~*~*~tactically~*~*~ (stealth).
  3027 | D:3      | Reached skill level 5 in Unarmed Combat
  3053 | D:3      | 3053 ||| Stepping ~*~*~tactically~*~*~ (stealth).
  3054 | D:3      | 3054 ||| Stepping ~*~*~tactically~*~*~ (stealth).
  3100 | D:3      | Reached XP level 6. HP: 50/50 MP: 7/7
  3382 | D:3      | Found a faded altar of an unknown god.
  3418 | D:3      | 3418 ||| UPGRADING to +0 leather armour.
  3428 | D:3      | 3428 ||| DROPPING +0 robe.
  3429 | D:3      | 3429 ||| UPGRADING to scarf of repulsion.
  3434 | D:3      | 3434 ||| UPGRADING to +0 ring mail.
  3444 | D:3      | 3444 ||| DROPPING +0 leather armour.
  3445 | D:3      | 3445 ||| UPGRADING to +4 ring of protection.
  3446 | D:3      | 3446 ||| DROPPING ring of protection from cold.
  3447 | D:3      | 3447 ||| READING scroll labelled BORETWATRI.
  3448 | D:3      | 3448 ||| READING scroll labelled UNYNUWYUSH.
  3469 | D:4      | 3469 ||| PLANNING OSSUARY
  3475 | D:4      | 3475 ||| Stepping ~*~*~tactically~*~*~ (stealth).
  3509 | D:4      | Reached skill level 6 in Unarmed Combat
  3637 | D:4      | Found Kouvusiv's Antique Weapon Shop.
  3705 | D:4      | Reached skill level 3 in Fighting
  3913 | D:4      | Found a sand-covered staircase.
  3914 | D:4      | 3914 ||| UPGRADING to +0 chain mail.
  3924 | D:4      | 3924 ||| DROPPING +0 ring mail.
  3925 | D:4      | 3925 ||| READING scroll labelled WUYSEV SIOTSA.
  3926 | D:4      | 3926 ||| READING scroll labelled XUIGOMEGEC.
  3927 | D:4      | 3927 ||| READING scroll labelled TIKKYA AQUEF.
  3932 | Ossuary  | Entered an ossuary
  3935 | Ossuary  | 3935 ||| Stepping ~*~*~tactically~*~*~ (stealth).
  3937 | Ossuary  | 3937 ||| Stepping ~*~*~tactically~*~*~ (stealth).
  3947 | Ossuary  | 3947 ||| Stepping ~*~*~tactically~*~*~ (stealth).
  3949 | Ossuary  | 3949 ||| Stepping ~*~*~tactically~*~*~ (stealth).
  3957 | Ossuary  | Reached skill level 1 in Armour
  3964 | Ossuary  | 3964 ||| Stepping ~*~*~tactically~*~*~ (outnumbered).
  3984 | Ossuary  | Reached XP level 7. HP: 15/57 MP: 8/8
  3985 | Ossuary  | HP: 7/57 [wyvern zombie (8)]
  3985 | Ossuary  | Slain by a wyvern zombie

Levels and vault maps discovered:
D:1:      lightli_arrival_flooded_house, layout_rooms,
          dreamdust_ecumenical_altar_grove, minmay_tall_x
D:2:      layout_rooms
D:3:      layout_rooms, nicolae_overflow_ecumenical_swirl, serial_shops,
          nicolae_shop_trees
D:4:      layout_basic, serial_shops, nicolae_diamond_shop,
          nicolae_ossuary_entry_false_entrances
Ossuary:  ossuary_zaba_flooded

Skill      XL: |  1  2  3  4  5  6 |
---------------+-------------------+-----
Unarmed Combat | 1 2 4 5 6 |  6.6
Fighting       | 1 2 3 |  3.0
Armour         | 1 |  1.0
Short Blades   | |  0.8
Dodging        | |  1.7
Stealth        | |  3.2
Spellcasting   | |  1.7
Hexes          | |  2.4

Action                   |  1- 3 |  4- 6 |  7- 9 || total
-------------------------+-------+-------+-------++-------
Melee: Unarmed           |   136 |   176 |     2 ||   314
       Punch             |     2 |     2 |     1 ||     5
  Use: Scroll            |     5 |     5 |       ||    10
 Stab: Distracted        |     1 |       |       ||     1
       Sleeping          |       |     1 |       ||     1
Armor: Robe              |    22 |    17 |       ||    39
       Chain mail        |       |    22 |       ||    22
       Ring mail         |       |    12 |       ||    12
Dodge: Dodged            |    80 |    74 |     1 ||   155

Table legend:
 A = Non-vault XP
 B = Vault XP
 C = Vault XP percentage of total XP
 D = Non-vault monster count
 E = Vault monster count
 F = Vault count percentage of total count
                 A         B        C        D         E       F
            +---------+---------+-------+---------+---------+-------
      Total |     484 |     149 |  23.5 |      62 |      10 |  13.9
            +---------+---------+-------+---------+---------+-------
        D:1 |      27 |       7 |  20.6 |      14 |       4 |  22.2
        D:2 |      41 |       0 |   0.0 |      11 |       0 |   0.0
        D:3 |     265 |       0 |   0.0 |      26 |       0 |   0.0
        D:4 |     151 |       0 |   0.0 |      11 |       0 |   0.0
    Ossuary |       0 |     142 | 100.0 |       0 |       6 | 100.0
            +---------+---------+-------+---------+---------+-------
